 Dungeon Crawl Stone Soup version 0.30-a0-210-g01b79a254e (webtiles) character file.

Game seed: 17222293590032215480

109 zishaf the Gusty (level 4, -3/26 HPs)
             Began as a Tengu Air Elementalist on Oct 4, 2022.
             Slain by a water moccasin (5 damage)
             ... on level 3 of the Dungeon.
             The game lasted 00:05:19 (2771 turns).

zishaf the Gusty (Tengu Air Elementalist)           Turns: 2771, Time: 00:05:20

Health: -3/26      AC:  4    Str:  8    XL:     4   Next: 89%
Magic:  0/8        EV: 11    Int: 17    God:
Gold:   108        SH:  0    Dex: 15    Spells: 2/8 levels left

rFire   + . .      SeeInvis .    q - +1 dagger (flame)
rCold   . . .      Faith    .    (no shield)
rNeg    . . .      Spirit   .    j - +1 leather armour {rPois}
rPois   +          Reflect  .    (helmet restricted)
rElec   .          Harm     .    (no cloak)
rCorr   .          Rampage  .    (no gloves)
Will    .....                    (boots unavailable)
Stlth   ++........               (no amulet)
HPRegen 0.24/turn                e - ring of flight
MPRegen 0.11/turn                o - ring of protection from fire

@: flying
A: beak, talons 3
a: no special abilities


You were on level 3 of the Dungeon.
You visited 1 branch of the dungeon, and saw 3 of its levels.

You collected 108 gold pieces.

Inventory:

Hand Weapons
 i - a +0 mace of holy wrath
 q - a +1 dagger of flaming (weapon)
Armour
 a - a +0 robe
 j - a +1 leather armour of poison resistance (worn)
Jewellery
 e - a ring of flight (left hand)
 o - a ring of protection from fire (right hand)
Scrolls
 d - 3 scrolls of teleportation {unknown}
 g - 2 scrolls of identify {unknown}
 h - a scroll of butterflies {unknown}
 m - a scroll of torment {unknown}
 n - a scroll of poison {unknown}
 r - 4 scrolls of vulnerability {unknown}
Potions
 b - 2 potions of magic
 c - 2 potions of heal wounds {unknown}
 f - 2 potions of curing {unknown}
 k - a potion of cancellation {unknown}
 l - 2 potions of lignification {unknown}
 p - a potion of brilliance {unknown}


   Skills:
 + Level 1.6 Fighting
 - Level 2.1 Dodging
 - Level 2.0 Stealth
 + Level 2.6 Spellcasting
 + Level 2.9 Conjurations
 * Level 5.4 Air Magic


You had 2 spell levels left.
You knew the following spells:

 Your Spells              Type           Power      Damage    Failure   Level
a - Shock                 Conj/Air       64%        1d7       4%          1
A - Static Discharge      Conj/Air       32%        2-4/arc   7%          2
B - Swiftness             Air            20%        N/A       9%          3

Your spell library contained the following spells:

 Spells                   Type           Power      Damage    Failure   Level
 Airstrike                Air            10%        2d(2-18)  28%         4
 Hailstorm                Conj/Ice       7%         3d4       41%         3
 Portal Projectile        Hex/Tloc       4%         N/A       63%         3
 Tukima's Dance           Hex            2%         N/A       63%         3
 Ice Form                 Ice/Tmut       2%         N/A       95%         4
 Blade Hands              Tmut           1%         N/A       100%        5
 Simulacrum               Ice/Necr       1%         N/A       100%        6


Dungeon Overview and Level Annotations

Branches:
Dungeon (3/15)

Altars:

Shops:
D:2 =


Innate Abilities, Weirdness & Mutations

You have a beak for a mouth.
You have claws for feet.


Message History

The water moccasin is struck by an arc of lightning.
The water moccasin is lightly wounded.
You are struck by an arc of lightning.
The water moccasin is struck by an arc of lightning.
The water moccasin is moderately wounded.
The lightning grounds out.
The water moccasin bites you!
Casting: Static Discharge (safe; 7% risk of failure)
Confirm with . or Enter, or press ? or * to list all spells.
The water moccasin is struck by an arc of lightning.
The water moccasin is moderately wounded.
You are struck by an arc of lightning.
The lightning grounds out.
The water moccasin bites you but does no damage.
The water moccasin closely misses you.
Casting: Static Discharge (safe; 7% risk of failure)
Confirm with . or Enter, or press ? or * to list all spells.
The water moccasin is struck by an arc of lightning.
The water moccasin is heavily wounded.
You are struck by an arc of lightning.
The water moccasin is struck by an arc of lightning.
The water moccasin is heavily wounded.
The lightning grounds out.
The water moccasin bites you.
Casting: Static Discharge (safe; 7% risk of failure)
Confirm with . or Enter, or press ? or * to list all spells.
The water moccasin is struck by an arc of lightning.
The water moccasin is severely wounded.
You are struck by an arc of lightning.
The water moccasin is struck by an arc of lightning.
The water moccasin is severely wounded.
You are struck by an arc of lightning.
* * * LOW HITPOINT WARNING * * *
The lightning grounds out.
The water moccasin bites you but does no damage.
You aren't carrying any items that you can evoke.
You hit the water moccasin but do no damage.
Your peck misses the water moccasin.
The water moccasin is severely wounded.
The water moccasin bites you.
* * * LOW HITPOINT WARNING * * *
The water moccasin bites you.
You die...

#.......#.?.....#
#.#####.#.......#
#########.#.†.....#
#......##.#.#
#.####.##.#.# #.#
#.##.#.# #.#
#....#.#
#.#########.#
#...)...@S..#
#############


You could see a water moccasin.

Vanquished Creatures
  4 gnolls (D:3)
  An adder (D:2)
  2 dart slugs
  2 orcs (D:3)
  10 ball pythons
  6 bats
  5 endoplasms
  6 goblins
  7 hobgoblins
  A quokka (D:1)
  3 frilled lizards (D:1)
  3 kobolds
  5 rats
55 creatures vanquished.

Notes
Turn   | Place    | Note
-------+----------+-------------------------------------------
     0 | D:1      | zishaf the Tengu Air Elementalist began the quest for the
                  | Orb.
     0 | D:1      | Reached XP level 1. HP: 10/10 MP: 4/4
   126 | D:1      | Reached XP level 2. HP: 16/16 MP: 4/6
   138 | D:1      | Learned a level 2 spell: Static Discharge
   460 | D:1      | Reached XP level 3. HP: 20/20 MP: 1/7
   537 | D:1      | Learned a level 3 spell: Swiftness
   617 | D:1      | Reached skill level 1 in Fighting
   879 | D:1      | Found a faded altar of an unknown god.
  1219 | D:2      | Found Utsuidad's Jewellery Boutique.
  1664 | D:2      | You are sucked into a shaft and drop 1 floor!
  1867 | D:2      | Reached skill level 5 in Air Magic
  2329 | D:3      | Reached XP level 4. HP: 20/25 MP: 3/8
  2758 | D:3      | Noticed a water moccasin
  2771 | D:3      | Slain by a water moccasin

Illustrated notes

Levels and vault maps discovered:
D:1:      dpeg_arrival_shelter, layout_basic,
          shapermc_ecumenical_altar_hornbeckon, minmay_circled_x
D:2:      layout_basic, serial_shops, nicolae_shop_advertising_works
          [nicolae_subvault_shop_adworks], serial_co_window_serial,
          co_window_corner_a, co_window_paths_b, co_window_paths_a,
          co_window_corner_a, co_window_of_opportunity_a, co_window_corner_a,
          co_window_of_opportunity_a, co_window_paths_c,
          co_window_unsneaky_path_b, co_window_of_opportunity_b, co_window_sun,
          co_window_4corner_b, glass_columns_b, glass_columns_b,
          glass_columns_a, glass_columns_b, glass_columns_b
D:3:      layout_basic, demons_altar

Skill      XL: |  1  2  3 |
---------------+----------+-----
Conjurations   | 2 |  2.9
Fighting       | 1 |  1.6
Air Magic      | 5 |  5.4
Dodging        | |  2.1
Stealth        | |  2.0
Spellcasting   | |  2.6

Action                   |  1- 3 |  4- 6 || total
-------------------------+-------+-------++-------
Melee: Unarmed           |     4 |       ||     4
       Kick              |     2 |       ||     2
       Peck              |     1 |     1 ||     2
       Dagger            |     6 |     3 ||     9
 Cast: Shock             |    80 |    17 ||    97
       Static Discharge  |     2 |     4 ||     6
 Stab: Sleeping          |       |     1 ||     1
Armor: Robe              |     6 |       ||     6
       Leather armour    |       |     3 ||     3
Dodge: Dodged            |    22 |     2 ||    24

Table legend: (Time is in decaauts)
 A = Elapsed time spent in this place.
 B = Non-inter-level travel time spent in this place.
 C = Inter-level travel time spent in this place.
 D = Time resting spent in this place.
 E = Time spent auto-exploring this place.
 F = Levels seen in this place.
 G = Mean time per level.
                   A        B        C        D        E       F      G
               +--------+--------+--------+--------+--------+-----+--------+
         Total |   2768 |   2733 |     35 |     88 |   2276 |   3 |  922.7 |
       Dungeon |   2768 |   2733 |     35 |     88 |   2276 |   3 |  922.7 |
               +--------+--------+--------+--------+--------+-----+--------+

Top non-repeatable levels by time:
     D:1: 1155 daAuts
     D:2: 1128 daAuts
     D:3: 485 daAuts
